 Dungeon Crawl Stone Soup version 0.25-a0-42-g6c54e25894 (webtiles) character file.

Game seed: 10345471871482691901, levelgen mode: deterministic

50 Gynju the Firebug (level 3, -1/19 HPs)
             Began as a Deep Elf Fire Elementalist on Oct 23, 2019.
             Slain by an adder (3 damage)
             ... on level 2 of the Dungeon.
             The game lasted 00:01:23 (1379 turns).

Gynju the Firebug (Deep Elf Fire Elementalist)      Turns: 1379, Time: 00:01:24

Health: -1/19      AC:  4    Str:  6    XL:     3   Next: 55%
Magic:  0/10       EV: 12    Int: 19    God:
Gold:   28         SH:  0    Dex: 15    Spells: 8/9 levels left

rFire    . . .     SeeInvis .   (no weapon)
rCold    . . .     Gourm    .   (no shield)
rNeg     . . .     Faith    .   m - +0 leather armour (curse)
rPois    .         Spirit   .   (no helmet)
rElec    .         Reflect  .   (no cloak)
rCorr    +         Harm     .   (no gloves)
MR       .....                  g - +0 pair of boots
Stlth    ++........             (no amulet)
HPRegen  0.06/turn              o - ring of resist corrosion
MPRegen  0.12/turn              (no ring)

@: lethally poisoned (-1 -> -8)
A: no striking features
a: no special abilities


You were on level 2 of the Dungeon.
You were not hungry.

You visited 1 branch of the dungeon, and saw 2 of its levels.

You collected 28 gold pieces.

Inventory:

Hand Weapons
 q - a cursed +0 short sword
Missiles
 p - 28 stones (quivered)
Armour
 a - a +0 robe
 g - a +0 pair of boots (worn)
 m - a cursed +0 leather armour (worn)
Jewellery
 o - a ring of resist corrosion (left hand)
Scrolls
 d - a scroll of blinking {unknown}
 e - 3 scrolls of identify {unknown}
 i - a scroll of enchant weapon {unknown}
Potions
 b - a potion of heal wounds {unknown}
 f - a potion of brilliance {unknown}
 h - a potion of curing {unknown}
 j - a potion of agility {unknown}
 k - a potion of lignification {unknown}
 l - a potion of ambrosia {unknown}
 n - a potion of mutation {unknown}
Comestibles
 c - 3 rations


   Skills:
 + Level 3.1 Dodging
 - Level 2.4 Stealth
 + Level 3.7 Spellcasting
 + Level 2.1 Conjurations
 + Level 3.8 Fire Magic


You had 8 spell levels left.
You knew the following spells:

 Your Spells              Type           Power        Failure   Level  Hunger
a - Flame Tongue          Conj/Fire      ##...        6%          1    None

Your spell library contained the following spells:

 Spells                   Type           Power        Failure   Level  Hunger
 Throw Flame              Conj/Fire      ##....       10%         2    ##.....
 Conjure Flame            Conj/Fire      ##......     19%         3    ###....
 Inner Flame              Hex/Fire       ##......     30%         3    ###....
 Sticky Flame             Conj/Fire      ##......     54%         4    ####...
 Fireball                 Conj/Fire      ##........   87%         5    ######.


Dungeon Overview and Level Annotations

Branches:
Dungeon (2/15)

Altars:


Message History

[Y]es or [N]o only, please.
Really attack unarmed? [Y]es or [N]o only, please.
Really attack unarmed? [Y]es or [N]o only, please.
Really attack unarmed? [Y]es or [N]o only, please.
Really attack unarmed? [Y]es or [N]o only, please.
Really attack unarmed?
Okay, then.
Really attack unarmed?
You barely miss the adder.
The adder is severely wounded.
The adder barely misses you.
You hit the adder but do no damage.
The adder is severely wounded.
* * * LOW HITPOINT WARNING * * *
You feel sick. The adder bites you.
You die...

......#.# #..
######)...#
#######.# #..
#[.......# # #.# #.#
#....#...# # #.# #.#
#....#..$# # #.# #.#
#(..##..## # #.#
#.###†####?.# # #.##
###..†.......## #
#..####...KS......##
##......#.@.....###
#.######....#### #.#
#.#### #.# #.. #.#
#.. #.# #... #.#
#.## #. #.


You could see an adder and a kobold.

Vanquished Creatures
  3 adders (D:2)
  A worm (D:2)
  3 bats
  3 goblins
  2 hobgoblins (D:1)
  4 kobolds (D:2)
  4 frilled lizards
  3 rats
23 creatures vanquished.

Notes
Turn   | Place    | Note
-------+----------+-------------------------------------------
     0 | D:1      | Gynju the Deep Elf Fire Elementalist began the quest for
                  | the Orb.
     0 | D:1      | Reached XP level 1. HP: 10/10 MP: 6/6
   579 | D:1      | Reached XP level 2. HP: 15/15 MP: 6/8
  1267 | D:2      | Reached XP level 3. HP: 19/19 MP: 7/10
  1379 | D:2      | Slain by an adder

Levels and vault maps discovered:
D:1:      dpeg_arrival_pits, layout_basic, hangedman_decor_push
D:2:      minmay_recursive_quarters, layout_loops_ring

Skill      XL: |  1  2 |
---------------+-------+-----
Dodging        | 3 |  3.1
Conjurations   | 2 |  2.1
Stealth        | |  2.4
Spellcasting   | |  3.7
Fire Magic     | |  3.8

Action                   || total
-------------------------++-------
Melee: Unarmed           ||     3
 Cast: Flame Tongue      ||    50
  Eat: Chunk             ||     1
Armor: Robe              ||     2
       Leather armour    ||     5
Dodge: Dodged            ||    24

Table legend:
 A = Non-vault XP
 B = Vault XP
 C = Vault XP percentage of total XP
 D = Non-vault monster count
 E = Vault monster count
 F = Vault count percentage of total count
                 A         B        C        D         E       F
            +---------+---------+-------+---------+---------+-------
      Total |      51 |      21 |  29.2 |      19 |       4 |  17.4
            +---------+---------+-------+---------+---------+-------
        D:1 |      13 |       0 |   0.0 |       8 |       0 |   0.0
        D:2 |      38 |      21 |  35.6 |      11 |       4 |  26.7
            +---------+---------+-------+---------+---------+-------
